 Dungeon Crawl Stone Soup version 0.26-a0-651-gb41185065b (webtiles) character file.

Game seed: 18031428929987957820

4 Irenicus the Digger (level 1, 0/15 HPs)
             Began as a Deep Dwarf Earth Elementalist on Oct 27, 2020.
             Slain by a hobgoblin
             ... wielding a cursed +0 club
              (2 damage)
             ... on level 1 of the Dungeon.
             The game lasted 00:00:54 (159 turns).

Irenicus the Digger (Deep Dwarf Earth Elementalist)  Turns: 159, Time: 00:00:55

Health: 0/15       AC:  2    Str: 11    XL:     1   Next: 50%
Magic:  0/3        EV: 12    Int: 15    God:
Gold:   0          SH:  0    Dex: 13    Spells: 2/3 levels left

rFire    . . .     SeeInvis .   (no weapon)
rCold    . . .     Faith    .   (no shield)
rNeg     . . .     Spirit   .   c - +0 robe
rPois    .         Reflect  .   (no helmet)
rElec    .         Harm     .   (no cloak)
rCorr    .         Rampage  .   (no gloves)
MR       .....                  (no boots)
Stlth    +.........             (no amulet)
HPRegen  0.00/turn              a - ring of attention (curse)
MPRegen  0.08/turn              (no ring)

@: non-regenerating
A: damage resistance, heal wounds, sense surroundings 1, no regeneration
a: Heal Wounds


You were on level 1 of the Dungeon.
You visited 1 branch of the dungeon, and saw 1 of its levels.

Inventory:

Missiles
 b - 23 stones (quivered)
Armour
 c - a +0 robe (worn)
Jewellery
 a - a cursed ring of attention (left hand)
   (You found it on level 1 of the Dungeon)
Scrolls
 d - a scroll of remove curse {unknown}
 e - a scroll of identify {unknown}


   Skills:
 - Level 2.1 Dodging
 - Level 2.4 Stealth
 - Level 1.7 Spellcasting
   Level 0.8 Transmutations
 + Level 4.4 Earth Magic


You had 2 spell levels left.
You knew the following spells:

 Your Spells              Type           Power        Failure   Level
a - Sandblast             Erth           ##....       3%          1

Your spell library contained the following spells:

 Spells                   Type           Power        Failure   Level
 Passwall                 Tmut/Erth      #.......     12%         2
 Stone Arrow              Conj/Erth      #.....       28%         3
 Petrify                  Tmut/Erth      #.......     58%         4
 Lee's Rapid Deconstruct  Erth           ##........   71%         5


Dungeon Overview and Level Annotations

Branches:
Dungeon (1/15)

Altars:


Innate Abilities, Weirdness & Mutations

You are resistant to damage.
You can heal yourself by infusing magical energy.
You passively map a small area around you.
You do not regenerate.


Message History

You now have 0/3 mp.
You hit the kobold but do no damage.
The kobold is heavily wounded.
The kobold closely misses you.
You completely miss the kobold.
The kobold is heavily wounded.
The kobold closely misses you.
You hit the kobold but do no damage.
The kobold is heavily wounded.
The kobold barely misses you.
You barely miss the kobold.
The kobold is heavily wounded.
The kobold barely misses you.
You hit the kobold but do no damage.
The kobold is heavily wounded.
The kobold hits you.
You take 1 damage, and have 14/15 hp.
You hit the kobold but do no damage.
The kobold is heavily wounded.
The kobold misses you.
You aren't carrying any potions.
Okay, then.
You open the door. The kobold hits you.
The rat twitches its whiskers.
There is an open door here.
The rat twitches its whiskers.
You hit the kobold but do no damage.
The kobold is heavily wounded.
The kobold hits you.
Casting: Sandblast (safe; 4% risk of failure)
Confirm with . or Enter, or press ? or * to list all spells.
Aiming: Sandblast (safe; 4% risk of failure)
Press: ? - help, Shift-Dir - straight line, f/p - kobold
Aim: a kobold (heavily wounded)
The blast of sand misses the kobold.
The blast of sand hits the rat!
You kill the rat!
b - 24 stones The kobold barely misses you.
You now have 0/3 mp.
You hit the kobold.
The kobold is severely wounded.
The kobold barely misses you.
You closely miss the kobold.
The kobold is severely wounded.
The kobold closely misses you.
You hit the kobold.
You kill the kobold!
You hit the goblin.
The goblin is moderately wounded.
The goblin hits you but does no damage.
You miss the goblin.
The goblin hits you with a +0 dagger of pain.
You hit the goblin.
The goblin is heavily wounded.
The goblin hits you with a +0 dagger of pain.
You hit the goblin.
The goblin is severely wounded.
The goblin barely misses you.
You hit the goblin.
You kill the goblin!
You barely miss the hobgoblin. The hobgoblin closely misses you.
You hit the hobgoblin but do no damage.
The hobgoblin hits you with a cursed +0 club.
You take 4 damage, and have 10/15 hp.
MASSIVE DAMAGE!!
You barely miss the hobgoblin.
The hobgoblin hits you with a cursed +0 club.
You take 4 damage, and have 6/15 hp.
MASSIVE DAMAGE!!
Casting: Sandblast (safe; 3% risk of failure)
Confirm with . or Enter, or press ? or * to list all spells.
Aiming: Sandblast (safe; 3% risk of failure)
Press: ? - help, Shift-Dir - straight line, f - hobgoblin
Aim: a hobgoblin, wielding a +0 club The blast of sand hits the hobgoblin.
The hobgoblin is severely wounded.
b - 23 stones The hobgoblin closely misses you.
You now have 0/3 mp.
You hit the hobgoblin but do no damage.
The hobgoblin is severely wounded.
The hobgoblin hits you with a cursed +0 club.
* * * LOW HITPOINT WARNING * * *
You take 4 damage, and have 2/15 hp.
MASSIVE DAMAGE!!
You barely miss the hobgoblin.
The hobgoblin is severely wounded.
The hobgoblin closely misses you.
You hit the hobgoblin.
The hobgoblin is almost dead.
You barely miss the hobgoblin.
The hobgoblin is almost dead.
The hobgoblin barely misses you.
You closely miss the hobgoblin.
The hobgoblin is almost dead.
The hobgoblin closely misses you.
You hit the hobgoblin but do no damage.
The hobgoblin is almost dead.
The hobgoblin hits you with a cursed +0 club.
You hit the hobgoblin but do no damage.
The hobgoblin is almost dead.
The hobgoblin hits you with a cursed +0 club.
You die...

#.#.# #.......## *
#.#.# #.#####..# *
#.#.# #.# ##.##
#.#.# #'# #..#
#.#.# #.# ##g# *
##.#.####.### #.#
#.....#..<..# #.#
#.#######.#######.#
*
#.'..........@g.'.#
#.####.#####.####.#
#...##.#####.## ..#
###.'.........+ ###
#######.######
#...........#
#########.######
#.......#.#
####.#####.#.#


You could see a hobgoblin.

Vanquished Creatures
  A goblin (D:1)
  A kobold (D:1)
  A bat (D:1)
  A rat (D:1)
4 creatures vanquished.

Notes
Turn   | Place    | Note
-------+----------+-------------------------------------------
     0 | D:1      | Irenicus the Deep Dwarf Earth Elementalist began the quest
                  | for the Orb.
     0 | D:1      | Reached XP level 1. HP: 15/15 MP: 3/3
   153 | D:1      | HP: 2/15 [hobgoblin/cursed +0 club (4)]
   159 | D:1      | Slain by a hobgoblin

Illustrated notes

Levels and vault maps discovered:
D:1:      shiori_shiawase, layout_basic

Action                   || total
-------------------------++-------
Melee: Unarmed           ||    29
 Cast: Sandblast         ||     7
Armor: Robe              ||     2
Dodge: Dodged            ||    23

Table legend: (Time is in decaauts)
 A = Elapsed time spent in this place.
 B = Non-inter-level travel time spent in this place.
 C = Inter-level travel time spent in this place.
 D = Time resting spent in this place.
 E = Time spent auto-exploring this place.
 F = Levels seen in this place.
 G = Mean time per level.
                   A        B        C        D        E       F      G
               +--------+--------+--------+--------+--------+-----+--------+
         Total |    158 |    140 |     18 |      0 |      0 |   1 |  158.0 |
       Dungeon |    158 |    140 |     18 |      0 |      0 |   1 |  158.0 |
               +--------+--------+--------+--------+--------+-----+--------+

Top non-repeatable levels by time:
     D:1: 158 daAuts

Table legend:
 A = Kills in this place as a percentage of kills in entire the game.
 B = Kills by you in this place as a percentage of kills by you in the entire game.
 C = Kills by friends in this place as a percentage of kills by friends in the entire game.
 D = Other kills in this place as a percentage of other kills in the entire game.
 E = Experience gained in this place as a percentage of experience gained in the entire game.
 F = Experience gained in this place divided by the number of levels of this place that you have seen.
                   A       B       C       D       E      F
               +-------+-------+-------+-------+-------+----------------------
         Total | 100.0 | 100.0 |   N/A |   N/A | 100.0 |   6.0
       Dungeon | 100.0 | 100.0 |   N/A |   N/A | 100.0 |   6.0
               +-------+-------+-------+-------+-------+----------------------
